 Dungeon Crawl Stone Soup version 0.19.5 (webtiles) character file.

289 Lizzreth the Carver (level 6, -2/51 HPs)
             Began as a Minotaur Chaos Knight on Mar 15, 2017.
             Slain by Frank's ghost (5 damage)
             ... on level 4 of the Dungeon.
             The game lasted 00:12:11 (2170 turns).

Lizzreth the Carver (Minotaur Chaos Knight)         Turns: 2170, Time: 00:12:12

Health: -2/51      AC:  9    Str: 22    XL:     6   Next: 9%
Magic:  5/5        EV: 11    Int:  9    God:    Xom [....*.]
Gold:   64         SH:  0    Dex: 14    Spells: 0 memorised, 5 levels left

rFire  . . .     SeeInvis .     a - +0 falchion (chaos)
rCold  . . .     Gourm    .     b - +2 leather armour
rNeg   . . .     Faith    .     (no shield)
rPois  .         Spirit   .     (helmet restricted)
rElec  .         Reflect  .     q - +0 cloak
rCorr  .         Harm     .     f - +2 pair of gloves
MR     .....                    (no boots)
Stlth  +.........               (no amulet)
                                (no ring)
                                k - +3 ring of dexterity

@: mighty, drained
A: retaliatory headbutt, horns 2, deterioration 1
a: Renounce Religion


You were on level 4 of the Dungeon.
You worshipped Xom.
You were a beloved toy of Xom.
You were not hungry.

You visited 1 branch of the dungeon, and saw 4 of its levels.

You collected 64 gold pieces.

Inventory:

Hand Weapons
 a - a +0 falchion of chaos (weapon)
Armour
 b - a +2 leather armour (worn)
 f - a +2 pair of gloves (worn)
 q - a +0 cloak (worn)
Jewellery
 k - a +3 ring of dexterity (left hand)
Wands
 s - a wand of lightning (2/15)
Scrolls
 d - 2 scrolls of remove curse {unknown}
 e - a scroll of random uselessness {unknown}
 g - 3 scrolls of identify {unknown}
 n - 2 scrolls of amnesia {unknown}
 t - a scroll of teleportation {unknown}
Potions
 i - a potion of curing
 r - a potion of haste {unknown}
Comestibles
 c - 2 bread rations
 h - 2 beef jerkies
 j - a meat ration
 m - a royal jelly
 o - a slice of pizza


   Skills:
 - Level 3.6(2.7) Fighting
 + Level 8.3(7.3) Long Blades
 - Level 2.4(1.6) Armour
 - Level 1.1(0.3) Dodging


You had 5 spell levels left.
You didn't know any spells.

Dungeon Overview and Level Annotations

Branches:
Dungeon (4/15)
 Temple: D:4-7

Altars:
Ru
Vehumet

Annotations:
D:4 Frank's ghost, novice GrGl


Innate Abilities, Weirdness & Mutations

You reflexively headbutt those who attack you in melee.
You have a pair of horns on your head.
Your body sometimes deteriorates upon taking damage.


Message History

The blast of lightning engulfs you! You resist.
* * * LOW HITPOINT WARNING * * *
The blast of lightning engulfs Frank's ghost.
Frank's ghost resists.
The blast of lightning engulfs the orc.
The orc dies!
Your divine protection wanes.
You hear an angry hiss. x4
Frank's ghost barely misses you.
You hit Frank's ghost but do no damage. Your headbutt misses Frank's ghost.
Frank's ghost is severely damaged.
Frank's ghost hits you but does no damage.
You closely miss Frank's ghost.
Frank's ghost is severely damaged.
Frank's ghost barely misses you.
You hit Frank's ghost. You burn Frank's ghost.
Your headbutt misses Frank's ghost.
Frank's ghost is severely damaged.
Frank's ghost hits you.
You die...
Xom bursts into laughter!

.. #.# . #.####.#
.#.#...##.# #
.......#.# .# #.
#..##.###..#
#.###!##..........##
..................
#..##....#
#.)W@....#
##[#####.#
............#.#
#...#.#######.# ..
.o. ####.# #.#
#....# ... #....#
#.. #.#### #. #.#


You could see an orc wizard and Frank's ghost.

Vanquished Creatures
  An ogre (D:2)
  A hound (D:4)
  Crazy Yiuf (D:2)
  A hell rat (shapeshifter) (D:3)
  4 gnolls (D:2)
  3 adders
  A worm (D:2)
  3 dart slugs
  3 leopard geckos
  3 orcs (D:4)
  4 giant cockroaches
  6 goblins
  4 hobgoblins
  3 kobolds
  6 bats
  4 frilled lizards
  4 rats
52 creatures vanquished.

Vanquished Creatures (others)
  An orc (D:4)
1 creature vanquished.

Grand Total: 53 creatures vanquished

Notes
Turn   | Place    | Note
-------+----------+-------------------------------------------
     0 | D:1      | Lizzreth the Minotaur Chaos Knight began the quest for the Orb.
     0 | D:1      | Reached XP level 1. HP: 19/19 MP: 0/0
    94 | D:1      | Reached skill level 4 in Long Blades
   301 | D:1      | XOM: silly message
   304 | D:1      | Reached XP level 2. HP: 26/26 MP: 1/1
   526 | D:2      | Reached skill level 5 in Long Blades
   526 | D:2      | Reached XP level 3. HP: 23/31 MP: 2/2
   677 | D:2      | Noticed an ogre
   677 | D:2      | a worm changed into an ogre
   682 | D:2      | Killed an ogre
   682 | D:2      | Reached skill level 6 in Long Blades
   682 | D:2      | Reached XP level 4. HP: 9/39 MP: 3/3
   745 | D:2      | Reached skill level 7 in Long Blades
   745 | D:2      | Reached XP level 5. HP: 10/45 MP: 4/4
   879 | D:2      | XOM: harmless Air miscast
  1161 | D:2      | XOM: divination: detect creatures
  1355 | D:2      | Found a runed door.
  1359 | D:2      | Noticed Crazy Yiuf
  1359 | D:2      | XOM: harmless Necr miscast
  1363 | D:2      | Killed Crazy Yiuf
  1548 | D:2      | XOM: harmless Air miscast
  1597 | D:3      | XOM: 5-stop teleportation journey
  1675 | D:3      | XOM: polymorph adder -> hell rat
  1680 | D:3      | Gained mutation: Your body sometimes deteriorates upon taking damage. [mutagenic meat]
  1702 | D:3      | Found a radiant altar of Vehumet.
  1702 | D:3      | XOM: draining
  1751 | D:3      | XOM: noise
  1838 | D:3      | Reached skill level 8 in Long Blades
  2091 | D:4      | Found a sacrificial altar of Ru.
  2126 | D:4      | Reached XP level 6. HP: 44/51 MP: 5/5
  2155 | D:4      | Noticed Frank's ghost (novice GrGl)
  2167 | D:4      | HP: 2/51 [Xom's lightning strike (3)]
  2167 | D:4      | XOM: divine lightning (protected)
  2170 | D:4      | Slain by Frank's ghost

Skill      XL: |  1  2  3  4  5 |
---------------+----------------+-----
Long Blades    | 4 5 6 7 8 |  8.3
Fighting       | |  3.6
Armour         | |  2.4
Dodging        | |  1.1

Action                   |  1- 3 |  4- 6 || total
-------------------------+-------+-------++-------
Melee: Falchion          |    39 |    75 ||   114
       Headbutt          |     9 |    13 ||    22
  Use: Potion            |       |     3 ||     3
 Stab: Paralysed         |     1 |       ||     1
       Confused          |     1 |       ||     1
       Sleeping          |       |     3 ||     3
  Eat: Chunk             |       |     3 ||     3
       Bread ration      |       |     1 ||     1
Armor: Leather armour    |    13 |    27 ||    40
Dodge: Dodged            |    31 |    38 ||    69
       Rpst.: Falchion   |     8 |    12 ||    20
